 Dungeon Crawl Stone Soup version 0.26-a0-478-g6c97825307 (webtiles) character file.

Game seed: 2140186487564663301

1479 MrRokkomies the Covert (level 8, -13/50 HPs)
             Began as an Octopode Brigand on Aug 1, 2020.
             Was an Initiate of Gozag.
             Mangled by an orc warrior
             ... wielding a +0 battleaxe
              (24 damage)
             ... on level 6 of the Dungeon.
             The game lasted 00:13:47 (6445 turns).

MrRokkomies the Covert (Octopode Brigand)           Turns: 6445, Time: 00:13:47

Health: -13/50     AC:  5    Str: 11    XL:     8   Next: 79%
Magic:  26/26      EV: 15    Int: 15    God:    Gozag
Gold:   229        SH:  0    Dex: 13    Spells: 7/7 levels left

rFire    . . .     SeeInvis .   a - +9 long sword "Otefauluma" {freeze, rElec rPois MP+9}
rCold    . . .     Faith    .   (no shield)
rNeg     . . .     Spirit   .   (helmet restricted)
rPois    +         Reflect  .   (no amulet)
rElec    +         Harm     .   i - +4 ring of protection
rCorr    .                      p - ring of magical power
MR       .....                  (no ring)
Stlth    +++++.....             (no ring)
HPRegen  0.16/turn              (no ring)
MPRegen  0.20/turn              (no ring)
                                (no ring)
                                (no ring)

@: no status effects
A: almost no armour, stealthy swim, amphibious, 8 rings, constrict 8, camouflage
1, gelatinous body 1
a: Potion Petition, Call Merchant, Bribe Branch, Renounce Religion


You were on level 6 of the Dungeon.
You worshipped Gozag.
Gozag was aware of your devotion.
You visited 2 branches of the dungeon, and saw 8 of its levels.

You collected 289 gold pieces.
You paid 60 gold pieces to Gozag.

Inventory:

Hand Weapons
 a - the +9 long sword "Otefauluma" (weapon) {freeze, rElec rPois MP+9}
   (You found it on level 5 of the Dungeon)

   It has been specially enchanted to freeze those struck by it, causing extra
   injury to most foes and up to half again as much damage against particularly
   susceptible opponents.
   It can also slow down cold-blooded creatures.
   It insulates you from electricity.
   It protects you from poison.
   It affects your magic capacity (+9).
 b - a +2 dagger of venom
 o - a +2 dagger
Missiles
 c - a curare-tipped dart
 r - 29 poisoned darts (quivered)
 v - 2 atropa-tipped darts
 x - 12 boomerangs
 z - 4 datura-tipped darts
Jewellery
 i - a +4 ring of protection (left tentacle)
 p - a ring of magical power (right tentacle)
Wands
 f - a wand of acid (5)
 q - a wand of iceblast (12)
 w - a wand of random effects (21)
Scrolls
 e - 5 scrolls of teleportation
 j - 3 scrolls of identify
 n - 2 scrolls of amnesia
 s - a scroll of magic mapping {unknown}
 y - a scroll of remove curse
Potions
 d - 3 potions of haste
 g - 2 potions of ambrosia {unknown}
 h - 2 potions of invisibility
 k - a potion of resistance {unknown}
 l - a potion of cancellation {unknown}
 m - a potion of brilliance {unknown}
 t - 2 potions of degeneration {unknown}
 u - a potion of stabbing {unknown}


   Skills:
 - Level 2.0 Fighting
 - Level 5.7(6.0) Short Blades
 * Level 2.5(4.4) Long Blades
 * Level 6.4 Throwing
 + Level 4.3 Dodging
 + Level 8.1 Stealth


You had 7 spell levels left.
You didn't know any spells.
Your spell library contained the following spells:

 Spells                   Type           Power        Failure   Level
 Sandblast                Erth           #.....       26%         1
 Passwall                 Tmut/Erth      #.......     38%         2
 Stone Arrow              Conj/Erth      #.....       63%         3
 Petrify                  Tmut/Erth      #.......     95%         4
 Lee's Rapid Deconstruct  Erth           #.........   100%        5


Dungeon Overview and Level Annotations

Branches:
Dungeon (7/15)             Temple (1/1) D:6

Altars:
Cheibriados
Dithmenos
Elyvilon
Gozag
Hepliaklqana
Kikubaaqudgha
Makhleb
Nemelex Xobeh
Okawaru
Qazlal
Ru
Sif Muna
Uskayaw
Vehumet
Wu Jian
Xom
Yredelemnul
Zin
The Shining One

Shops:
D:4 :

Annotations:
D:5 3 runed translucent doors, Askman's ghost, amateur DsBr; P0WERM0DE's ghost, amateur OpCK


Innate Abilities, Weirdness & Mutations

You cannot wear most types of armour.
You are very stealthy in the water. (Stealth+)
You are amphibious.
You can wear up to eight rings at the same time.
You can use your tentacles to constrict eight enemies at once.
Your skin changes colour to match your surroundings (Stealth+).
Your rubbery body absorbs attacks. (AC +1, EV +1)


Message History

You hit the orc warrior. You freeze the orc warrior. You grab the orc warrior.
The orc warrior is lightly wounded.
The orc priest calls upon Beogh to heal the orc warrior.
The orc warrior's wounds heal themselves!
You hear a shout!
You lose your grip on the orc warrior.
You climb upwards.
There is a stone staircase leading down here.
Okay, then.
Unknown command.
Unknown command.
The orc warrior barely misses you.
Things that are here:
a +0 scale mail; a +1 dagger of speed The orc warrior hits you with a +0 battleaxe!
* * * LOW HITPOINT WARNING * * *
There is an escape hatch in the ceiling here.
The orc warrior closely misses you.
The orc warrior hits you with a +0 battleaxe!!
You die...
Your body crumbles into a pile of gold.

#....##.........## #.....#
#........######..#####.##.#
##.##.##(# ##..#....##.####
##..#.##.# ##...#####..#..
#........# ##..######...#
#........## ##.....####...
#...>.....#######..###....#.#.
#.........##.........####....#
#..........#.@o.[..>.# ##.#..
#........#.#..o.[>...# #.###
#........#.#....###### #.# #
#........#...###.....# #.# #
#...........## #.....# #.# #
########..#.## #....[# #.#
##..##..###.....# ##.#
###..####.........####..###
##...#####...#.....##.......


You could see 2 orc warriors.

Vanquished Creatures
  Edmund (D:5)
  An ice beast (D:5)
  An orc warrior (D:6)
  2 sky beasts
  An ogre (D:4)
  2 centaurs
  A scorpion (D:6)
  A howler monkey (D:4)
  3 crimson imps (D:4)
  A bullfrog zombie (D:6)
  A jelly (D:6)
  2 hounds
  An orc priest (D:6)
  An orc wizard (D:6)
  Jessica (D:3)
  A bullfrog skeleton (D:4)
  4 worker ants
  A hound zombie (D:4)
  2 hound skeletons
  Robin (D:4)
  2 gnolls
  3 adders
  A white imp (D:7)
  An adder zombie (D:6)
  5 worms
  A dart slug (D:3)
  2 leopard geckos
  8 orcs
  3 giant cockroaches
  18 goblins
  5 hobgoblins
  18 jackals
  5 kobolds
  5 quokkas
  A ball python skeleton (D:6)
  5 bats
  4 frilled lizards
  A giant cockroach zombie (D:6)
  A jackal skeleton (D:6)
  5 rats
  A butterfly (D:6)
124 creatures vanquished.

Vanquished Creatures (others)
  2 withered plants (D:5)
2 creatures vanquished.

Grand Total: 126 creatures vanquished

Notes
Turn   | Place    | Note
-------+----------+-------------------------------------------
     0 | D:1      | MrRokkomies the Octopode Brigand began the quest for the
                  | Orb.
     0 | D:1      | Reached XP level 1. HP: 14/14 MP: 1/1
   187 | D:1      | Reached XP level 2. HP: 19/19 MP: 2/2
   916 | D:2      | Reached XP level 3. HP: 19/24 MP: 3/3
  1098 | D:2      | Noticed a sky beast
  1115 | D:2      | Killed a sky beast
  1115 | D:2      | Reached skill level 6 in Stealth
  1115 | D:2      | Reached XP level 4. HP: 22/29 MP: 4/4
  1115 | D:2      | Reached XP level 5. HP: 26/34 MP: 5/5
  1797 | D:3      | Noticed Jessica
  1814 | D:3      | Killed Jessica
  2605 | D:4      | Reached XP level 6. HP: 27/39 MP: 6/6
  3127 | D:4      | Found Doymu's Book Boutique.
  3150 | D:4      | Found a shimmering altar of Xom.
  3193 | D:4      | Reached XP level 7. HP: 33/45 MP: 7/7
  3337 | D:4      | Noticed Robin
  3360 | D:4      | Killed Robin
  3727 | D:5      | Entered Level 5 of the Dungeon
  3741 | D:5      | Reached skill level 5 in Short Blades
  3741 | D:5      | Reached skill level 5 in Throwing
  3741 | D:5      | Reached skill level 7 in Stealth
  3870 | D:5      | Found a runed translucent gate.
  3871 | D:5      | Found a runed translucent gate.
  3872 | D:5      | Found a runed translucent gate.
  3906 | D:5      | Got a jewelled long sword
  4040 | D:5      | Noticed Edmund
  4053 | D:5      | Killed Edmund
  4193 | D:5      | Reached XP level 8. HP: 50/50 MP: 8/8
  4448 | D:5      | Noticed Askman's ghost (amateur DsBr)
  4448 | D:5      | Noticed P0WERM0DE's ghost (amateur OpCK)
  4857 | D:6      | Identified the +9 long sword "Otefauluma" {freeze, rElec
                  | rPois MP+9} (You found it on level 5 of the Dungeon)
  4991 | D:6      | Reached skill level 1 in Long Blades
  5037 | D:6      | Found a staircase to the Ecumenical Temple.
  5046 | Temple   | Entered the Ecumenical Temple
  5238 | Temple   | Became a worshipper of Gozag Ym Sagoz the Greedy
  6165 | D:7      | Reached skill level 8 in Stealth
  6445 | D:6      | Mangled by an orc warrior

Illustrated notes

Levels and vault maps discovered:
D:1:      minmay_arrival_solitary_statue, layout_basic
D:2:      layout_rooms
D:3:      layout_loops_ring, kennysheep_generic_room_6, uniq_jessica
D:4:      layout_gridville, led_xom_imps, serial_shops, shop,
          serial_park_tiny_2, uniq_robin
D:5:      layout_layer_cave, gammafunk_ghost_cemetery, uniq_edmund
D:6:      layout_rooms, minmay_temple_entry_butterflies
D:7:      layout_rooms, bloody_trog, kennysheep_small_square,
          uniq_crazy_yiuf_cottage
Temple:   dpeg_five_rooms_temple

Skill      XL: |  1  2  3  4  5  6  7  8 |
---------------+-------------------------+-----
Short Blades   | 3 4 5 |  5.7
Throwing       | 3 4 5 6 |  6.4
Dodging        | 2 3 4 |  4.3
Stealth        | 6 7 8 |  8.1
Long Blades    | 2 |  2.5
Fighting       | |  2.0

Action                   |  1- 3 |  4- 6 |  7- 9 || total
-------------------------+-------+-------+-------++-------
Melee: Dagger            |    43 |   107 |    69 ||   219
       Constrict         |     7 |    23 |    28 ||    58
       Tentacles         |     4 |    13 |    23 ||    40
       Long sword        |       |       |    38 ||    38
Throw: Dart              |    12 |    22 |    19 ||    53
  Use: Scroll            |     2 |     3 |     4 ||     9
       Potion            |       |       |     1 ||     1
 Stab: Sleeping          |     8 |    13 |    12 ||    33
Armor: Skin              |     5 |    22 |    10 ||    37
Dodge: Dodged            |    23 |    42 |    60 ||   125
       Rpst.: Long sword |       |       |     9 ||     9

Table legend: (Time is in decaauts)
 A = Elapsed time spent in this place.
 B = Non-inter-level travel time spent in this place.
 C = Inter-level travel time spent in this place.
 D = Time resting spent in this place.
 E = Time spent auto-exploring this place.
 F = Levels seen in this place.
 G = Mean time per level.
                   A        B        C        D        E       F      G
               +--------+--------+--------+--------+--------+-----+--------+
         Total |   6400 |   6135 |    265 |   1001 |   4267 |   8 |  800.0 |
       Dungeon |   6158 |   5943 |    215 |   1001 |   4079 |   7 |  879.7 |
        Temple |    242 |    192 |     50 |      0 |    188 |   1 |  242.0 |
               +--------+--------+--------+--------+--------+-----+--------+

Top non-repeatable levels by time:
     D:5: 1397 daAuts
     D:4: 1152 daAuts
     D:3: 1071 daAuts
     D:6: 1028 daAuts
     D:1: 782 daAuts
     D:2: 680 daAuts
  Temple: 242 daAuts
     D:7: 46 daAuts
